 Dungeon Crawl Stone Soup version 0.22.1-2-g9c5b331 (webtiles) character file.

10388995 aMcNicky the Intangible (level 27, 197/197 HPs)
             Began as a Deep Elf Conjurer on Nov 28, 2018.
             Was the Champion of Vehumet.
             Escaped with the Orb
             ... and 15 runes on Dec 4, 2018!
             The game lasted 18:54:59 (161336 turns).

aMcNicky the Intangible (Deep Elf Conjurer)       Turns: 161336, Time: 18:55:00

Health: 197/197    AC: 14    Str: 11    XL:     27
Magic:  48/56      EV: 38    Int: 40    God:    Vehumet [******]
Gold:   6813       SH: 15    Dex: 18    Spells: 3/80 levels left

rFire    + . .     SeeInvis .   a - staff of energy
rCold    + . .     Gourm    .   Y - +2 shield {rPois}
rNeg     . . .     Faith    .   Z - +2 robe {Archmagi}
rPois    +         Spirit   .   f - +2 helmet of Tuk Dixyge {rElec rCorr Str+4}
rElec    +         Reflect  .   z - +1 cloak of Starlight {rElec rC+ EV+4 Stlth--}
rCorr    +         Harm     .   L - +2 pair of gloves {Dex+3}
MR       ++++.     Clarity  +   h - +2 pair of boots {run}
Stlth    +.........             g - amulet "Irphein" {Acrobat Int+5}
HPRegen  0.42/turn              U - ring of the Mage {Wiz MR++ Int+3}
MPRegen  0.35/turn              F - ring of protection from fire

@: studying Armour, deflect missiles, quick
A: hooves 1, clarity, deformed body, mutation resistance 1, screaming 1
0: Orb of Zot
}: 15/15 runes: serpentine, barnacled, slimy, silver, golden, iron, obsidian,
icy, bone, abyssal, demonic, glowing, magical, fiery, dark
a: Renounce Religion


You escaped.
You worshipped Vehumet.
Vehumet was exalted by your worship.
You were very full.

You visited 18 branches of the dungeon, and saw 90 of its levels.
You visited Pandemonium 1 time, and saw 18 of its levels.
You visited the Abyss 2 times.
You visited 1 bazaar.
You also visited: Labyrinth, Trove, Ice Cave and Wizlab.

You collected 13405 gold pieces.
You spent 6592 gold pieces at shops.

Inventory:

Hand Weapons
 A - the +4 staff of Dispater
   (You took it off Dispater on level 7 of the Iron City of Dis)
 B - the +7 Spriggan's Knife {MR+ EV+4 Dex+4 Stlth+}
   (You found it on level 3 of the Tomb of the Ancients)

   It affects your evasion (+4).
   It affects your dexterity (+4).
   It affects your resistance to hostile enchantments.
   It makes you more stealthy.
Missiles
 u - 13 throwing nets (quivered)
Armour
 f - the +2 helmet of Tuk Dixyge (worn) {rElec rCorr Str+4}
   (You found it on level 7 of Tartarus)

   It affects your strength (+4).
   It insulates you from electricity.
   It provides partial protection from all sources of acid and corrosion.
 h - a +2 pair of boots of running (worn)
 z - the +1 cloak of Starlight (worn) {rElec rC+ EV+4 Stlth--}
   (You found it on level 3 of the Elven Halls)

   It affects your evasion (+4).
   It protects you from cold.
   It insulates you from electricity.
   It makes you much less stealthy.
 C - the +0 mask of the Dragon {MR+ Slay+3 SInv}
   (You found it on level 3 of the Vaults)

   It affects your accuracy and damage with ranged weapons and melee attacks
   (+3).
   It affects your resistance to hostile enchantments.
   It lets you see invisible.
 G - a +2 shield of fire resistance
 L - a +2 pair of gloves of dexterity (worn)
 Q - a +2 helmet of intelligence
 Y - a +2 shield of poison resistance (worn)
 Z - a +2 robe of the Archmagi (worn)
Magical Staves
 a - an uncursed staff of energy (weapon)
 b - an uncursed staff of death
Jewellery
 g - the amulet "Irphein" (around neck) {Acrobat Int+5}
   (You found it on level 1 of the Shoals)

   [amulet of the acrobat]

   It helps you evade while moving and waiting.
   It affects your intelligence (+5).
 t - the ring "Okhinwujo" {*Corrode rPois rC+++ MR++ Str-3}
   (You found it on level 5 of the Pits of Slime)

   [ring of poison resistance]

   It affects your strength (-3).
   It renders you almost immune to cold.
   It protects you from poison.
   It affects your resistance to hostile enchantments.
   It may corrode you when you take damage.
 v - the ring of Faenea Ratz {rElec rN+ Int+2}
   (You took it off an ancient champion on level 3 of the Crypt)

   [ring of positive energy]

   It affects your intelligence (+2).
   It insulates you from electricity.
   It protects you from negative energy.
 x - the ring of Doveez {rN+ Dex+4}
   (You took it off an ancient champion on level 3 of the Crypt)

   [ring of positive energy]

   It affects your dexterity (+4).
   It protects you from negative energy.
 F - a ring of protection from fire (right hand)
 P - the amulet of Ryebeef {RegenMP *Corrode rPois rC- Int+7}
   (You found it on level 7 of the Iron City of Dis)

   [amulet of magic regeneration]

   It increases your magic regeneration.
   It affects your intelligence (+7).
   It makes you vulnerable to cold.
   It protects you from poison.
   It may corrode you when you take damage.
 S - the ring "Hurchogaxe" {rF- Int+3 Dex+4 SInv}
   (You took it off an efreet in Pandemonium)

   [ring of intelligence]

   It affects your intelligence (+3).
   It affects your dexterity (+4).
   It makes you vulnerable to fire.
   It lets you see invisible.
 U - the ring of the Mage (left hand) {Wiz MR++ Int+3}
   (You found it on level 2 of the Depths)

   [ring of wizardry]

   It improves your spell success rate.
   It affects your intelligence (+3).
   It affects your resistance to hostile enchantments.
Wands
 e - a wand of digging (63)
 i - a wand of enslavement (28)
 w - a wand of scattershot (14)
 y - a wand of acid (10)
 E - a wand of paralysis (16)
 R - a wand of iceblast (27)
Scrolls
 k - 9 scrolls of fog
 l - 10 scrolls of teleportation {@r4}
 K - 11 scrolls of fear
 M - a scroll of blinking
 N - 2 scrolls of amnesia
 T - 4 scrolls of summoning
 W - 4 scrolls of enchant armour
 X - 20 scrolls of remove curse {@r2}
Potions
 m - 20 potions of curing {@q1}
 n - 13 potions of mutation
 o - 3 potions of resistance
 p - 4 potions of heal wounds {@q2}
 q - 8 potions of cancellation
 r - 2 potions of agility
 s - 15 potions of flight
 D - 3 potions of haste {@q3}
 H - 12 potions of might
 I - 4 potions of invisibility
 O - 10 potions of lignification
 V - 7 potions of brilliance
Books
 c - a manual of Armour
Miscellaneous
 d - a figurine of a ziggurat
 J - a phantom mirror
Comestibles
 j - 19 rations {@e1}


   Skills:
 + Level 26.9 Fighting
 O Level 27 Dodging
 - Level 8.1 Stealth
 - Level 15.0 Shields
 O Level 27 Spellcasting
 - Level 14.0 Conjurations
   Level 9.0 Hexes
 - Level 7.0 Charms
 - Level 9.0 Summonings
 - Level 18.7 Necromancy
 - Level 14.5 Transmutations
   Level 8.0 Fire Magic
 + Level 25.6 Air Magic
 O Level 27 Earth Magic
 + Level 21.2 Evocations


You had 3 spell levels left.
You knew the following spells:

 Your Spells              Type           Power        Failure   Level  Hunger
a - Spellforged Servitor  Conj/Summ      ########..   1%          7    None
b - Passage of Golubria   Tloc           N/A          1%          4    None
c - Lehudib's Crystal Sp  Conj/Erth      ########..   1%          8    None
d - Apportation           Tloc           ######       1%          1    None
e - Borgnjor's Vile Clut  Necr/Erth      #########.   0%          5    None
f - Shatter               Erth           #########.   1%          9    None
g - Passwall              Tmut/Erth      ########     0%          2    None
h - Regeneration          Chrm/Necr      ########..   0%          3    None
i - Sublimation of Blood  Necr           ########..   0%          2    None
j - Deflect Missiles      Chrm/Air       ########..   1%          6    None
k - Necromutation         Tmut/Necr      ########..   1%          8    None
l - Tornado               Air            #########.   1%          9    None
m - Blink                 Tloc           N/A          1%          2    None
n - Borgnjor's Revivific  Necr           ########..   1%          8    None
o - Summon Butterflies    Summ           ########     0%          1    None
p - Swiftness             Chrm/Air       ########     0%          2    None

Your spell library contained the following spells:

 Spells                   Type           Power        Failure   Level  Hunger
 Chain Lightning          Conj/Air       ########..   1%          8    None
 Ignition                 Fire           ########..   9%          8    None
 Animate Skeleton         Necr           N/A          0%          1    None
 Confusing Touch          Hex            ######       0%          1    None
 Flame Tongue             Conj/Fire      #####        0%          1    None
 Infusion                 Chrm           ####         0%          1    None
 Magic Dart               Conj           ####         0%          1    None
 Pain                     Necr           ####         0%          1    None
 Sandblast                Erth           ######       0%          1    None
 Shock                    Conj/Air       ####         0%          1    None
 Sting                    Conj/Pois      ####         0%          1    None
 Summon Small Mammal      Summ           ####         0%          1    None
 Call Imp                 Summ           ########     0%          2    None
 Corpse Rot               Necr           N/A          0%          2    None
 Poisonous Vapours        Pois/Air       ######       0%          2    None
 Searing Ray              Conj           ######       0%          2    None
 Slow                     Hex            ########     0%          2    None
 Call Canine Familiar     Summ           ########     0%          3    None
 Confuse                  Hex            ########     0%          3    None
 Conjure Flame            Conj/Fire      ########     0%          3    None
 Dazzling Spray           Conj/Hex       ######       0%          3    None
 Mephitic Cloud           Conj/Pois/Air  ########     0%          3    None
 Static Discharge         Conj/Air       ########     0%          3    None
 Stone Arrow              Conj/Erth      ######       0%          3    None
 Summon Guardian Golem    Hex/Summ       ########     0%          3    None
 Freeze                   Ice            ####         1%          1    None
 Ensorcelled Hibernation  Hex/Ice        ######       1%          2    None
 Shroud of Golubria       Chrm/Tloc      #######...   1%          2    None
 Song of Slaying          Chrm           ########     1%          2    None
 Throw Frost              Conj/Ice       ######       1%          2    None
 Gell's Gravitas          Tloc           ######....   1%          3    None
 Inner Flame              Hex/Fire       ########     1%          3    None
 Lesser Beckoning         Tloc           ######....   1%          3    None
 Ozocubu's Armour         Chrm/Ice       #######.     1%          3    None
 Recall                   Summ/Tloc      N/A          1%          3    None
 Spectral Weapon          Hex/Chrm       ########     1%          3    None
 Teleport Other           Tloc           ######..     1%          3    None
 Airstrike                Air            #########.   0%          4    None
 Iskenderun's Mystic Bla  Conj           ########     0%          4    None
 Leda's Liquefaction      Hex/Erth       ########..   0%          4    None
 Petrify                  Tmut/Erth      ########     0%          4    None
 Summon Lightning Spire   Summ/Air       ########     0%          4    None
 Agony                    Necr           ########     0%          5    None
 Bolt of Draining         Conj/Necr      ########..   0%          5    None
 Bolt of Magma            Conj/Fire/Erth ########..   0%          5    None
 Dispel Undead            Necr           ########     0%          5    None
 Lee's Rapid Deconstruct  Erth           #########.   0%          5    None
 Lightning Bolt           Conj/Air       ########..   0%          5    None
 Silence                  Hex/Air        ########..   0%          5    None
 Conjure Ball Lightning   Conj/Air       ########..   0%          6    None
 Death Channel            Necr           ########..   0%          6    None
 Iron Shot                Conj/Erth      ########..   0%          6    None
 Statue Form              Tmut/Erth      ########.    0%          6    None
 Cause Fear               Hex            ########..   1%          4    None
 Force Lance              Conj/Tloc      ########     1%          4    None
 Fulminant Prism          Conj/Hex       ########..   1%          4    None
 Ice Form                 Ice/Tmut       ########     1%          4    None
 Olgreb's Toxic Radiance  Pois           ######..     1%          4    None
 Sticky Flame             Conj/Fire      ########     1%          4    None
 Summon Ice Beast         Ice/Summ       #######.     1%          4    None
 Throw Icicle             Conj/Ice       ########     1%          4    None
 Excruciating Wounds      Chrm/Necr      ########..   1%          5    None
 Fireball                 Conj/Fire      ########..   1%          5    None
 Irradiate                Conj/Tmut      ########..   1%          5    None
 Iskenderun's Battlesphe  Conj/Chrm      ########     1%          5    None
 Metabolic Englaciation   Hex/Ice        #######...   1%          5    None
 Summon Demon             Summ           ########..   1%          5    None
 Summon Forest            Summ/Tloc      #######...   1%          5    None
 Summon Mana Viper        Hex/Summ       ########     1%          5    None
 Venom Bolt               Conj/Pois      ########..   1%          5    None
 Yara's Violent Unravell  Hex/Tmut       ########..   1%          5    None
 Bolt of Cold             Conj/Ice       ########..   1%          6    None
 Bolt of Fire             Conj/Fire      ########..   1%          6    None
 Darkness                 Hex            ########..   1%          6    None
 Freezing Cloud           Conj/Ice/Air   ########..   1%          6    None
 Hydra Form               Tmut           ########..   1%          6    None
 Poison Arrow             Conj/Pois      ########..   1%          6    None
 Shadow Creatures         Summ           N/A          1%          6    None
 Simulacrum               Ice/Necr       ########..   1%          6    None
 Dragon Form              Tmut           ########..   1%          7    None
 Haunt                    Necr/Summ      ########..   1%          7    None
 Orb of Destruction       Conj           ########..   1%          7    None
 Infestation              Necr           ########..   1%          8    None
 Summon Hydra             Summ           ########..   2%          7    None
 Ring of Flames           Chrm/Fire      ########..   4%          7    None
 Death's Door             Chrm/Necr      ########..   4%          8    None
 Ozocubu's Refrigeration  Ice            ######....   5%          6    None
 Discord                  Hex            ########..   21%         8    None
 Fire Storm               Conj/Fire      ########..   32%         9    None
 Glaciate                 Conj/Ice       ########..   78%         9    None
 Dragon's Call            Summ           ########..   95%         9    None


Dungeon Overview and Level Annotations

Branches:
Dungeon (15/15)            Temple (1/1) D:6            Lair (6/6) D:8
 Shoals (4/4) Lair:4        Snake (4/4) Lair:2        Slime (5/5) Lair:5
    Orc (2/2) D:9             Elf (3/3) Orc:2        Vaults (5/5) D:13
  Crypt (3/3) Vaults:2       Tomb (3/3) Crypt:3      Depths (5/5) D:15
   Hell (1/1)                 Dis (7/7) Hell            Geh (7/7) Hell
    Coc (7/7) Hell            Tar (7/7) Hell            Zot (5/5) Depths:5

Altars:
Ashenzari
Fedhas
Gozag
Kikubaaqudgha
Okawaru
Qazlal
Sif Muna
Trog
Vehumet
Wu Jian
Yredelemnul
The Shining One
Beogh

Shops:
D:7 (   Orc:2 (*::   Elf:2 *   Elf:3 !   Shoals:1 ?   Snake:3 }=
Vaults:3 *([*   Depths:1 *(*   Depths:2 [

Portals:
Hell: Depths:1 Depths:2 Depths:3 Depths:4 Depths:5
Abyss: Depths:4
Pandemonium: Depths:1 Depths:2 Depths:3
Ziggurat: Depths:4

Annotations:
D:5 exclusion: downstairs
Elf:2 3 runed doors
Depths:5 6 runed doors
Geh:1 5 runed doors
Geh:7 Asmodeus
Coc:7 Antaeus
Tar:7 Ereshkigal, Serpent of Hell


Innate Abilities, Weirdness & Mutations

You have large cloven feet.
You possess an exceptional clarity of mind.
Armour fits poorly on your strangely shaped body.
You are somewhat resistant to further mutation.
You occasionally shout uncontrollably at your foes.


Message History

You have mastered Earth Magic!
A hell beast comes into view.
The hell beast gives a hideous shriek!
You block the hell beast's attack. The hell beast completely misses you.
Press: ? - help, v - describe, . - travel
Here: a hell beast The floor.
Casting: Lehudib's Crystal Spear (safe; 1% risk of failure)
Confirm with . or Enter, or press ? or * to list all spells.
Aiming: Passwall (safe; 0% risk of failure)
Press: ? - help, Dir - move target cursor A rock wall.
This square is covered in magical glow.
You feel a surge of power! You block the hell beast's attack.
The hell beast completely misses you. x2; The hell beast barely misses you.
You block the hell beast's attack. x5
The hell beast closely misses you.
You finish merging with the rock.
There is a staircase leading out of the dungeon here.
You have escaped!

#.# #.#####....###.#....
#.###.#####.#.####.#.#.#
#.....................##
#####.#####.#.#########
#.#####.#.# #.......#.#
#.....[.#.#########
#######........##.#
###@############..#
#..2.# #.## ##.## #####
#..#.## #..####..###
#...###...#.#
###...##..#.
#.#...#.....# ##..##..##
#...###..##.####
#..###.# ##.##
#####..#.####....## #.#
##..#.###...## #.#
##....##.###


You could see a hell beast.

Vanquished Creatures
  Cerebov (Pan)
  the Royal Jelly (Slime:5)
  Gloorx Vloq (Pan)
  Lom Lobon (Pan)
  Mnoleg (Pan)
  Dispater (Dis:7)
  10 orbs of fire
  9 ancient liches
  40 greater mummies
  8 shard shrikes
  Frederick (Vaults:5)
  2 Killer Klowns (Zot:5)
  Xtahua (Vaults:5)
  Saint Roka (Vaults:3)
  Vashnia (Snake:3)
  4 curse toes
  The ghost of Gyudien the Slayer, an adept DDFi of Makhleb (Elf:2)
  Geryon (Hell)
  6 golden dragons
  8 bone dragons
  A profane servitor (Crypt:1)
  8 Tzitzimimeh
  7 doom hounds
  20 Brimstone Fiends
  2 hellephants (Pan)
  3 electric golems (Zot:5)
  20 Ice Fiends
  4 iron giants
  6 Hell Sentinels
  5 pandemonium lords
  25 Orb Guardians (Zot:5)
  20 liches
  11 titans
  A deep elf master archer (Elf:3)
  20 tentacled monstrosities
  11 quicksilver dragons
  2 deep elf blademasters (Elf:3)
  Murray (Hell)
  19 acid blobs
  9 death cobs
  A kraken (Shoals:1)
  A tentacled starspawn (Abyss:1)
  10 sphinxes
  2 eldritch tentacles
  Agnes (Snake:1)
  36 Executioners
  21 shadow dragons
  24 ancient champions
  20 storm dragons
  Donald (Orc:2)
  11 draconian monks
  Roxanne (Shoals:3)
  4 tengu reavers
  8 nagarajas
  18 azure jellies
  7 revenants
  11 fire giants
  6 corrupters (Pan)
  18 frost giants
  3 orc warlords
  5 draconian knights
  5 ghost moths
  2 deep elf elementalists (Elf:3)
  12 vault wardens
  3 iron dragons
  31 balrugs
  11 cacodemons
  7 warmongers (Pan)
  5 curse skulls
  9 deep elf sorcerers
  81 reapers
  14 war gargoyles
  15 ironheart preservers
  18 stone giants
  4 draconian shifters
  6 draconian scorchers
  3 draconian stormcallers
  11 ghouls
  2 elemental wellsprings (Coc:7)
  7 draconian annihilators
  An entropy weaver (shapeshifter) (Vaults:5)
  6 blood saints (Pan)
  3 entropy weavers
  15 green draconians
  9 very ugly things
  14 vampire knights
  7 black draconians
  10 deep elf demonologists
  9 bennus
  2 black suns (Pan)
  A minotaur (Lab)
  A spark wasp (Depths:3)
  Azrael (D:14)
  23 purple draconians
  9 red draconians
  11 white draconians
  17 yellow draconians
  11 lorocyprocas
  10 deep elf annihilators
  3 merfolk javelineers
  13 green deaths (Pan)
  A crystal guardian (Vaults:5)
  15 deep elf death magi
  3 eidola
  9 statues (WizLab)
  35 blizzard demons
  10 ettins
  A kraken zombie (Coc:1)
  Josephine (Orc:2)
  11 fire dragons
  10 death oozes (Slime:5)
  27 mummy priests
  13 merfolk impalers
  5 quicksilver dragon zombies
  8 deep elf high priests
  13 great orbs of eyes
  Fannar (Lair:1)
  4 monstrous demonspawn (Pan)
  5 jiangshi
  38 ice dragons
  30 vault guards
  18 ogre magi
  3 rakshasas
  6 hydras
  10 quicksilver dragon skeletons
  13 yaktaur captains
  6 spriggan air magi
  Harold (D:7)
  A juggernaut simulacrum (Depths:3)
  14 naga warriors
  5 merfolk avatars
  16 anacondas
  2 hell beasts
  7 centaur warriors
  3 merfolk aquamancers (Shoals:4)
  40 two-headed ogres
  7 death knights
  3 alligator snapping turtles
  41 death scarabs
  16 vampire magi
  11 dancing weapons
  10 deep troll shamans
  A death yak (shapeshifter) (Vaults:5)
  9 tengu warriors
  9 titan zombies
  3 deep troll earth magi (Depths:3)
  A death yak (IceCv)
  26 hell hogs
  8 naga sharpshooters
  6 spriggan berserkers
  2 iron golems
  8 shock serpents
  5 orc high priests
  Sonja (Orc:1)
  68 sun demons
  34 soul eaters
  7 storm dragon zombies
  10 sixfirhies
  A wretched star (Abyss:1)
  6 storm dragon skeletons
  11 deep elf knights
  180 skeletal warriors
  4 iron trolls
  An entropy weaver zombie (Crypt:3)
  12 titan skeletons
  25 shadow wraiths
  4 gelid demonspawn (Pan)
  A salamander mystic (Snake:1)
  A fire crab (Geh:5)
  7 glowing orange brains
  71 hell knights
  28 flayed ghosts
  24 shadow demons
  2 unseen horrors
  A kraken simulacrum (Shoals:4)
  9 golden dragon skeletons
  7 golden dragon zombies
  A death drake (Tar:3)
  8 sea snakes
  18 wizards
  5 infernal demonspawn (Pan)
  4 torturous demonspawn (Pan)
  25 deep trolls
  11 anaconda zombies
  7 deep elf archers
  A glowing orange brain (shapeshifter) (Vaults:5)
  A tengu zombie (Depths:3)
  7 shadow dragon zombies
  12 ironbrand convokers
  27 necromancers
  5 wolf spider zombies
  Pikel (D:6)
  24 phantasmal warriors
  33 harpies
  17 orc knights
  3 anaconda skeletons
  11 stone giant zombies
  A lindwurm (Lair:6)
  A sphinx zombie (Depths:3)
  7 naga ritualists
  5 shadow dragon skeletons
  11 mana vipers
  An orb spider (shapeshifter) (Vaults:2)
  64 deep elf magi
  A salamander (Snake:2)
  6 shining eyes
  14 manticores
  7 fauns (Shoals:2)
  11 frost giant zombies
  A wolf spider (Vaults:3)
  7 iron dragon zombies
  7 fire giant zombies
  23 ugly things
  8 orc sorcerers
  13 cyclopes
  7 stone giant skeletons
  A water nymph (shapeshifter) (Depths:3)
  7 dire elephant zombies
  10 fire giant skeletons
  13 naga magi
  7 frost giant skeletons
  42 black mambas
  23 moths of wrath
  7 ice statues
  16 vault sentinels
  9 merfolk sirens
  A black mamba (shapeshifter) (Vaults:5)
  53 smoke demons
  9 water nymphs
  A guardian serpent (Snake:3)
  10 iron dragon skeletons
  49 rust devils
  4 catoblepas zombies
  3 eyes of devastation
  7 komodo dragons
  18 spiny frogs
  2 centaur skeletons
  9 molten gargoyles
  A minotaur zombie (Tar:7)
  3 gargoyles
  14 orange demons (Pan)
  4 emperor scorpion zombies
  5 shock serpent skeletons
  54 hellions
  A green draconian zombie (Crypt:3)
  10 demonic crawlers
  A sea snake zombie (Crypt:2)
  An alligator snapping turtle skeleton (Crypt:2)
  8 dire elephant skeletons
  34 yaktaurs
  2 anaconda simulacra
  2 iron troll zombies
  A black draconian zombie (Coc:7)
  37 hellwings
  19 efreet
  3 rime drakes
  A komodo dragon (shapeshifter) (D:15)
  A catoblepas skeleton (Pan)
  48 freezing wraiths
  A green draconian skeleton (Pan)
  A white draconian zombie (Crypt:2)
  3 elf skeletons
  52 tormentors
  41 ice devils
  51 guardian mummies
  3 tyrant leeches (Lair:6)
  48 red devils
  31 merfolk
  20 hydra zombies
  3 silent spectres
  3 meliai (shapeshifter)
  5 wind drakes
  A queen bee (shapeshifter) (Vaults:3)
  11 trolls
  7 harpy zombies
  8 fire dragon zombies
  11 hydra skeletons
  15 polar bears (IceCv)
  A wind drake (shapeshifter) (Depths:1)
  5 hornets
  Prince Ribbit (D:8)
  76 slime creatures
  7 harpy skeletons
  2 iron dragon simulacra (Depths:3)
  10 ettin zombies
  13 blink frogs
  7 ice dragon zombies
  13 bog bodies
  12 dream sheep
  13 hippogriffs
  10 alligator zombies
  8 snapping turtles
  A fire giant simulacrum (Depths:1)
  2 frost giant simulacra
  3 black mamba zombies
  6 fire dragon skeletons
  2 redbacks (shapeshifter) (Vaults:5)
  3 alligator skeletons
  6 ettin skeletons
  6 ice dragon skeletons
  12 redbacks
  51 shadows
  184 flying skulls
  24 ynoxinuls
  A spriggan (shapeshifter) (Depths:2)
  39 fire elementals
  An elf zombie (Depths:3)
  55 yaks
  4 fire bats (Pan)
  29 water elementals
  3 black mamba skeletons
  Eustachio (D:5)
  41 wraiths
  A wyvern (D:14)
  A dire elephant simulacrum (Coc:4)
  16 golden eyes
  9 hungry ghosts
  13 chaos spawn
  4 hogs (D:7)
  11 basilisks
  21 neqoxecs (Pan)
  19 ushabtiu
  A human (D:7)
  10 vampire mosquitoes
  Menkaure (D:4)
  48 nagas
  An insubstantial wisp (Abyss:3)
  A soldier ant (D:13)
  45 large abominations
  An acid dragon (Vaults:2)
  An acid dragon (shapeshifter) (Vaults:5)
  11 water moccasins
  83 hell hounds
  13 wargs
  7 spiny frog zombies
  A faun skeleton (Crypt:2)
  2 floating eyes
  2 porcupines (Lair:1)
  3 merfolk zombies
  5 hydra simulacra
  66 orc warriors
  2 torturous demonspawn skeletons (Crypt:1)
  5 spiny frog skeletons
  5 snapping turtle zombies
  A hornet zombie (Crypt:3)
  15 ice beasts
  2 black bears
  An eye of draining (shapeshifter) (Vaults:5)
  5 sky beasts
  A manticore zombie (Tar:6)
  31 necrophages
  7 eyes of draining
  A swamp dragon zombie (Coc:1)
  An ogre (shapeshifter) (Vaults:1)
  2 alligator simulacra
  A fire dragon simulacrum (Coc:7)
  18 wolves (IceCv)
  47 ogres
  5 phantoms
  3 swamp dragon skeletons
  11 boggarts
  4 snapping turtle skeletons
  7 crocodiles
  4 manticore skeletons
  A wolf (shapeshifter) (Vaults:2)
  23 centaurs
  26 bullfrogs
  2 big kobolds
  3 gnoll sergeants
  3 earth elementals
  18 small abominations
  A wyvern skeleton (D:14)
  2 spriggan zombies
  6 scorpions
  A troll zombie (Dis:4)
  128 wights
  11 killer bees
  2 elf simulacra
  A troll skeleton (Pan)
  5 electric eels
  6 howler monkeys
  19 crimson imps
  A basilisk zombie (Crypt:1)
  A human simulacrum (Vaults:1)
  A lava snake (D:8)
  2 quasits
  2 bullfrog zombies
  4 centaur zombies
  4 jellies
  36 orc wizards
  43 orc priests
  A soldier ant zombie (Crypt:2)
  4 bullfrog skeletons
  2 human skeletons
  8 human zombies
  26 iron imps
  Jessica (D:3)
  Ijyb (D:3)
  5 iguanas
  14 worker ants
  A porcupine skeleton (Crypt:1)
  A big kobold zombie (Crypt:3)
  An ogre skeleton (Tar:7)
  2 tengu skeletons
  A crocodile skeleton (Crypt:2)
  A hound zombie (D:10)
  3 hound skeletons
  58 mummies
  A worker ant zombie (D:5)
  17 gnolls
  21 adders
  4 river rats (D:5)
  A swamp drake skeleton (Crypt:3)
  A swamp drake zombie (Crypt:3)
  11 shadow imps
  9 white imps
  An ufetubus (Abyss:3)
  4 oozes (Lair:5)
  An adder zombie (D:6)
  2 adder skeletons
  An iguana skeleton (Crypt:1)
  5 worms
  3 dart slugs
  9 leopard geckos
  174 orcs
  A bat skeleton (Crypt:2)
  6 giant cockroaches
  8 hobgoblins
  12 jackals
  5 quokkas
  7 ball pythons
  A ball python zombie (Crypt:1)
  8 bats
  6 frilled lizards
  9 goblins
  16 kobolds
  A leopard gecko skeleton (D:6)
  A leopard gecko zombie (Crypt:2)
  An orc zombie (D:7)
  A quokka skeleton (D:6)
  9 rats
  A rat zombie (Crypt:1)
  9 crawling corpses (Vaults:5)
  2 fire vortices (Geh:3)
  2 fulminant prisms
  4 fungi
  4 macabre masses (Abyss:3)
  24 plants
  2 tentacles (Shoals:1)
  3 withered plants (D:15)
5391 creatures vanquished.

Vanquished Creatures (collateral kills)
  Antaeus (Coc:7)
  the Serpent of Hell (Tar:7)
  An orb of fire (Zot:5)
  A pandemonium lord (Pan)
  A golden dragon (Depths:3)
  A profane servitor (Abyss:1)
  A titan (Pan)
  2 Executioners (Pan)
  3 sphinxes
  A daeva (Pan)
  3 blood saints (Pan)
  A balrug (Pan)
  An orc warlord (Elf:2)
  9 cacodemons (Pan)
  A warmonger (Pan)
  An ironheart preserver (Vaults:2)
  A reaper (Pan)
  A deep elf elementalist (Elf:1)
  3 very ugly things (Pan)
  A ghoul (Crypt:1)
  2 blizzard demons (Pan)
  A mummy priest (Tomb:1)
  A deep elf death mage (Elf:3)
  2 green deaths (Pan)
  A monstrous demonspawn (Pan)
  2 anacondas (Snake:4)
  A two-headed ogre (Vaults:4)
  2 dancing weapons
  10 sun demons (Pan)
  8 soul eaters (Pan)
  3 deep elf knights (Elf:1)
  2 skeletal warriors (Tar:7)
  A shadow demon (Pan)
  7 sixfirhies (Pan)
  A deep troll (Vaults:2)
  A cherub (Pan)
  3 gelid demonspawn (Pan)
  A deep elf archer (Elf:1)
  6 deep elf magi (Elf:1)
  2 black mambas (Snake:4)
  8 smoke demons (Pan)
  A stone giant skeleton (Pan)
  A dire elephant skeleton (Pan)
  2 hellions (Pan)
  8 orange demons (Pan)
  A yaktaur (Vaults:3)
  A hellwing (Pan)
  A hydra zombie (Hell)
  2 ice devils (Pan)
  6 red devils (Pan)
  A ynoxinul (Pan)
  A redback (shapeshifter) (Abyss:1)
  9 large abominations (Pan)
  2 neqoxecs (Pan)
  2 chaos spawn (Pan)
  A warg (Vaults:3)
  A floating eye (Pan)
  An ogre (Vaults:4)
  A centaur (Vaults:4)
  An earth elemental (Elf:1)
  2 starcursed masses (Abyss:1)
145 creatures vanquished.

Vanquished Creatures (others)
  A deep elf master archer (Elf:3)
  3 eldritch tentacles
  2 stone giants
  A bennu (Tomb:3)
  A green death (Pan)
  3 yaktaur captains
  2 centaur warriors
  8 death scarabs (Tomb:2)
  A deep elf knight (Vaults:4)
  A sixfirhy (Pan)
  A titan skeleton (Geh:7)
  A deep elf archer (Elf:1)
  A moth of wrath (Zot:5)
  3 cyclopes
  A faun (Shoals:2)
  A hellion (Geh:7)
  7 yaktaurs
  2 merfolk
  5 flying skulls (Tomb:2)
  An ice dragon skeleton (Geh:7)
  A neqoxec (Pan)
  A necrophage (Geh:7)
  A slave (D:7)
  A scorpion (D:7)
  A wight (D:8)
  A hound (D:7)
  2 mummies (Tomb:2)
  10 ball lightnings (Pan)
  3 orcs
  A bush (Lair:6)
  581 fulminant prisms
  15 fungi
  78 plants
  4 starspawn tentacles (Abyss:1)
  11 tentacles
757 creatures vanquished.

Grand Total: 6293 creatures vanquished

Notes
Turn   | Place    | Note
-------+----------+-------------------------------------------
     0 | D:1      | aMcNicky the Deep Elf Conjurer began the quest for the Orb.
     0 | D:1      | Reached XP level 1. HP: 10/10 MP: 6/6
   312 | D:1      | Reached XP level 2. HP: 15/15 MP: 5/8
   671 | D:1      | Learned a level 2 spell: Searing Ray
  1285 | D:1      | Reached skill level 5 in Conjurations
  1296 | D:1      | Reached XP level 3. HP: 19/19 MP: 6/9
  1351 | D:1      | Learned a level 3 spell: Dazzling Spray
  1654 | D:2      | Reached skill level 1 in Hexes
  2044 | D:2      | Reached XP level 4. HP: 24/24 MP: 7/10
  2364 | D:2      | Reached XP level 5. HP: 28/28 MP: 2/11
  2561 | D:2      | Learned a level 4 spell: Iskenderun's Mystic Blast
  2871 | D:3      | Found a deep blue altar of Sif Muna.
  2872 | D:3      | Found a radiant altar of Vehumet.
  2974 | D:3      | Became a worshipper of Vehumet
  3020 | D:3      | Noticed Ijyb
  3027 | D:3      | Killed Ijyb
  3921 | D:3      | Noticed Jessica
  3924 | D:3      | Killed Jessica
  3924 | D:3      | Reached XP level 6. HP: 32/33 MP: 5/13
  4636 | D:3      | Reached skill level 1 in Fighting
  4996 | D:3      | Found a deep blue altar of Sif Muna.
  4997 | D:3      | Found a radiant altar of Vehumet.
  5732 | D:4      | Reached skill level 5 in Dodging
  6151 | D:4      | Found an iron altar of Okawaru.
  6179 | D:4      | Noticed Menkaure
  6323 | D:4      | Reached XP level 7. HP: 34/38 MP: 11/15
  6390 | D:4      | Reached * piety under Vehumet
  6390 | D:4      | Offered knowledge of Flame Tongue by Vehumet.
  6396 | D:4      | Learned a level 4 spell: Fulminant Prism
  7301 | D:4      | Killed Menkaure
  7439 | D:5      | Entered Level 5 of the Dungeon
  7874 | D:5      | Reached skill level 5 in Spellcasting
  7874 | D:5      | Reached XP level 8. HP: 31/45 MP: 10/17
  8888 | D:5      | Noticed Eustachio
  9489 | D:5      | Killed Eustachio
  9785 | D:5      | Offered knowledge of Shock by Vehumet.
  9907 | D:6      | Found a staircase to the Ecumenical Temple.
  9915 | Temple   | Entered the Ecumenical Temple
 10154 | D:6      | Reached ** piety under Vehumet
 10376 | D:6      | Noticed Pikel
 10454 | D:6      | Reached XP level 9. HP: 51/51 MP: 15/20
 10629 | D:6      | Found an ornate altar of the Wu Jian Council.
 10861 | D:6      | Killed Pikel
 10971 | D:6      | Reached skill level 10 in Conjurations
 10973 | D:6      | Offered knowledge of Static Discharge by Vehumet.
 10978 | D:6      | Learned a level 3 spell: Static Discharge
 10983 | D:6      | Learned a level 4 spell: Cause Fear
 11491 | D:7      | Found an opulent altar of Gozag.
 11696 | D:7      | Found Neulie's Weapon Boutique.
 11857 | D:7      | Reached *** piety under Vehumet
 11882 | D:7      | Noticed Harold
 12469 | D:7      | Reached skill level 1 in Air Magic
 12641 | D:7      | Reached skill level 5 in Hexes
 12812 | D:7      | Killed Harold
 12812 | D:7      | Reached skill level 5 in Fighting
 12812 | D:7      | Reached XP level 10. HP: 33/59 MP: 5/23
 13243 | D:7      | Found an ancient bone altar of Kikubaaqudgha.
 13505 | D:7      | Offered knowledge of Inner Flame by Vehumet.
 13963 | D:8      | Noticed Prince Ribbit
 13969 | D:8      | Killed Prince Ribbit
 14769 | D:8      | Reached **** piety under Vehumet
 14792 | D:8      | Found a staircase to the Lair.
 15225 | D:8      | Noticed a two-headed ogre
 15247 | D:8      | Killed a two-headed ogre
 15247 | D:8      | Reached skill level 10 in Dodging
 15363 | D:8      | weird fire cloud room
 15784 | D:9      | Reached XP level 11. HP: 64/64 MP: 16/25
 15799 | D:9      | Offered knowledge of Airstrike by Vehumet.
 15806 | D:9      | Learned a level 4 spell: Airstrike
 15887 | D:9      | Found a staircase to the Orcish Mines.
 15889 | D:9      | Noticed a two-headed ogre
 15895 | D:9      | Killed a two-headed ogre
 16357 | D:9      | Found a bloodstained altar of Trog.
 16500 | D:9      | Found a stormy altar of Qazlal.
 17207 | D:10     | Entered Level 10 of the Dungeon
 17326 | D:10     | Noticed a two-headed ogre
 17329 | D:10     | Killed a two-headed ogre
 17990 | D:10     | Reached ***** piety under Vehumet
 18248 | D:11     | Offered knowledge of Fireball by Vehumet.
 18393 | D:10     | Learned a level 5 spell: Fireball
 19317 | D:11     | Reached skill level 5 in Air Magic
 19741 | D:11     | Reached XP level 12. HP: 72/72 MP: 18/26
 19840 | D:11     | Found a shattered altar of Ashenzari.
 20769 | Orc:1    | Entered Level 1 of the Orcish Mines
 20930 | Orc:2    | Entered Level 2 of the Orcish Mines
 20930 | Orc:2    | Noticed Donald
 20934 | Orc:1    | donald ambush
 21015 | Lair:1   | Entered Level 1 of the Lair of Beasts
 21491 | Lair:1   | Noticed Fannar
 21497 | Lair:1   | Killed Fannar
 21946 | Lair:2   | Found a staircase to the Snake Pit.
 22110 | Lair:2   | Offered knowledge of Throw Icicle by Vehumet.
 22227 | Lair:2   | Learned a level 2 spell: Sublimation of Blood
 22301 | Lair:2   | Noticed a four-headed hydra
 22308 | Lair:2   | Killed a four-headed hydra
 23065 | Lair:3   | Noticed an eight-headed hydra
 23084 | Lair:3   | Killed an eight-headed hydra
 23084 | Lair:3   | Reached skill level 10 in Spellcasting
 24207 | Lair:4   | Found a staircase to the Shoals.
 25230 | Lair:5   | Found a labyrinth entrance.
 25235 | Lab      | Entered a labyrinth
 25463 | Lab      | Reached skill level 1 in Evocations
 25648 | Lab      | Noticed a minotaur
 25683 | Lab      | Killed a minotaur
 25683 | Lab      | Reached skill level 5 in Stealth
 25683 | Lab      | Reached XP level 13. HP: 80/80 MP: 24/29
 25701 | Lab      | Identified the Papyrus of Blistering Curses
 25705 | Lab      | Got a translucent gossamer ring
 25713 | Lair:5   | Identified the ring "Safoyhif" {*Slow Int+3 Stlth-} (You
                  | found it in a labyrinth)
 26232 | Lair:5   | Found a staircase to the Slime Pits.
 26827 | Lair:6   | Entered Level 6 of the Lair of Beasts
 27126 | Lair:6   | Offered knowledge of Venom Bolt by Vehumet.
 28138 | Lair:6   | Learned a level 6 spell: Deflect Missiles
 28453 | Lair:6   | Reached skill level 1 in Charms
 28720 | Lair:6   | Got a pair of faintly humming gloves
 28732 | Lair:6   | Got a dazzling scale mail
 28739 | Lair:6   | Identified the +2 pair of gloves of the Grue {*Slow +Fly
                  | rF++ rCorr} (You found it on level 6 of the Lair of Beasts)
 28749 | Lair:6   | Identified the cursed +1 scale mail of Disaster {MR- MP+9
                  | Slay+4 Stlth+} (You found it on level 6 of the Lair of
                  | Beasts)
 28858 | Lair:6   | Reached skill level 10 in Fighting
 30635 | D:12     | Reached XP level 14. HP: 82/88 MP: 7/32
 30835 | D:12     | Found a blossoming altar of Fedhas.
 30852 | D:12     | Offered knowledge of Bolt of Fire by Vehumet.
 30862 | D:12     | Learned a level 6 spell: Bolt of Fire
 31153 | D:13     | Found a frozen archway.
 31207 | IceCv    | Entered an ice cave
 31753 | IceCv    | Reached skill level 1 in Fire Magic
 32325 | IceCv    | Reached skill level 1 in Necromancy
 32325 | IceCv    | Reached skill level 5 in Evocations
 33377 | IceCv    | Reached skill level 5 in Charms
 33424 | IceCv    | Noticed a frost giant
 33443 | IceCv    | Killed a frost giant
 34374 | D:13     | Learned a level 2 spell: Passwall
 34460 | D:13     | Identified the +4 ring mail of Abstinence {rF+} (You found
                  | it on level 13 of the Dungeon)
 34732 | D:13     | Found a gate to the Vaults.
 35046 | D:13     | Reached skill level 1 in Earth Magic
 35195 | D:14     | Reached skill level 1 in Shields
 35200 | D:14     | Offered knowledge of Conjure Ball Lightning by Vehumet.
 35651 | D:14     | Noticed Azrael
 35666 | D:14     | Killed Azrael
 36837 | D:14     | Found a portal to a secret trove of treasure.
 36995 | D:7      | Bought the +9 battleaxe of Rajusaum {antimagic, +Inv rC-
                  | Str+5} for 1230 gold pieces
 37188 | D:14     | You paid a toll of the battleaxe of Rajusaum to enter a
                  | treasure trove
 37189 | Trove    | Entered a treasure trove
 37192 | Trove    | Found the +15 Maxwell's patent armour {-Cast -Tele rElec
                  | MR+ rCorr}
 37202 | Trove    | Got a faintly glowing chain mail
 37213 | Trove    | Identified the +6 chain mail of Divine Compulsion {rC+
                  | Regen+ Int+3} (You found it in a treasure trove)
 37302 | Trove    | Got a bloodstained robe
 37313 | Trove    | Identified the +2 robe of Hide-and-Seek {rPois MR+} (You
                  | found it in a treasure trove)
 37838 | D:14     | Reached skill level 15 in Dodging
 38306 | D:15     | Entered Level 15 of the Dungeon
 38306 | D:15     | Found a staircase to the Depths.
 39059 | Orc:2    | Killed Donald
 39228 | Orc:2    | Reached XP level 15. HP: 93/93 MP: 20/33
 39230 | Orc:2    | Offered knowledge of Iron Shot by Vehumet.
 39239 | Orc:2    | Learned a level 6 spell: Iron Shot
 39537 | Orc:2    | Noticed Josephine
 39540 | Orc:2    | Killed Josephine
 40969 | Orc:2    | Found a roughly hewn altar of Beogh.
 41421 | Orc:2    | Reached skill level 5 in Fire Magic
 41772 | Orc:2    | Found a staircase to the Elven Halls.
 41874 | Orc:2    | Noticed an orc warlord
 42107 | Orc:2    | Killed an orc warlord
 42582 | Orc:2    | Found a roughly hewn altar of Beogh.
 43501 | Orc:2    | Found Raahoor's Book Shoppe.
 43574 | Orc:2    | Found Xanein's Book Boutique.
 43805 | Orc:2    | Found Mutuluas's Weapon Boutique.
 43808 | Orc:2    | Found Waucoc's General Store.
 43809 | Orc:2    | Offered knowledge of Spellforged Servitor by Vehumet.
 43820 | Orc:2    | Learned a level 7 spell: Spellforged Servitor
 44047 | Orc:1    | Noticed Sonja
 44277 | Orc:1    | Reached skill level 5 in Earth Magic
 44399 | Orc:1    | Reached skill level 1 in Summonings
 45168 | Orc:1    | Killed Sonja
 45421 | Snake:1  | Entered Level 1 of the Snake Pit
 47218 | Snake:1  | Noticed Agnes
 47228 | Snake:1  | Killed Agnes
 48101 | Snake:2  | Reached XP level 16. HP: 85/100 MP: 0/35
 49048 | Snake:2  | Reached skill level 5 in Shields
 49555 | Snake:2  | Identified a scroll of acquirement
 50645 | Snake:3  | Reached skill level 5 in Summonings
 51992 | Snake:3  | Found Vagejez's Gadget Shop.
 51993 | Snake:3  | Found Wamat's Jewellery Emporium.
 51994 | Snake:3  | Found Meloekk's Gadget Shop.
 52419 | Snake:3  | Noticed Vashnia
 52608 | Snake:3  | Killed Vashnia
 53223 | Snake:4  | Entered Level 4 of the Snake Pit
 53645 | Snake:4  | Identified the amulet of Kostrizou {Acrobat MP-9 Int+6}
                  | (You acquired it on level 4 of the Snake Pit)
 54030 | Snake:4  | Found a runed gate.
 54030 | Snake:4  | Found a runed gate.
 54030 | Snake:4  | Found a runed gate.
 54274 | Snake:4  | vault to explore a bit later
 54780 | Snake:4  | Reached XP level 17. HP: 106/106 MP: 28/36
 54887 | Snake:4  | Reached ****** piety under Vehumet
 55822 | Snake:4  | Offered knowledge of Shatter by Vehumet.
 55822 | Snake:4  | Offered knowledge of Chain Lightning by Vehumet.
 55822 | Snake:4  | Offered knowledge of Ignition by Vehumet.
 55918 | Snake:4  | Reached skill level 10 in Air Magic
 56077 | Snake:4  | Got a serpentine rune of Zot
 56276 | Snake:3  | Bought the amulet of Goill {Reflect rElec MR+ Int-3 SH+5}
                  | for 817 gold pieces
 56432 | Shoals:1 | Entered Level 1 of the Shoals
 57073 | Shoals:1 | Found Pipnu's Magic Scroll Shoppe.
 57108 | Shoals:1 | Bought a scroll of blinking for 142 gold pieces
 57108 | Shoals:1 | Bought a scroll of teleportation for 57 gold pieces
 57108 | Shoals:1 | Bought a scroll of teleportation for 57 gold pieces
 57148 | Shoals:1 | Found a transporter.
 57396 | Shoals:1 | Found a transporter.
 57399 | Shoals:1 | Found the ring of the Octopus King
 57898 | Shoals:1 | Found a sparkling altar of Nemelex Xobeh.
 57948 | Shoals:1 | Noticed a kraken
 58144 | Shoals:1 | Found Launky's Magic Scroll Emporium.
 58197 | Shoals:1 | Bought a scroll of summoning for 133 gold pieces
 58197 | Shoals:1 | Bought a scroll of enchant armour for 105 gold pieces
 58197 | Shoals:1 | Bought a scroll of teleportation for 42 gold pieces
 58197 | Shoals:1 | Bought a scroll of teleportation for 42 gold pieces
 58207 | Shoals:1 | Killed a kraken
 58326 | Shoals:1 | definitely do this vault later
 61260 | Shoals:3 | Noticed Roxanne
 61343 | Shoals:3 | come and kill roxanne
 61940 | Shoals:4 | Entered Level 4 of the Shoals
 62902 | Shoals:4 | Reached XP level 18. HP: 70/112 MP: 17/38
 65288 | Shoals:4 | Got a barnacled rune of Zot
 65628 | Elf:1    | Entered Level 1 of the Elven Halls
 67924 | Elf:2    | Found a runed gate.
 67924 | Elf:2    | Found a runed gate.
 67924 | Elf:2    | Found a runed gate.
 67924 | Elf:2    | Found an iron altar of Okawaru.
 67924 | Elf:2    | Noticed Gyudien's ghost (adept DDFi)
 67982 | Elf:2    | Found a runed gate.
 68190 | Elf:2    | Found Yntonaepa's General Store.
 68239 | Elf:2    | Found a runed gate.
 68246 | Elf:2    | Found a runed gate.
 68289 | Elf:2    | good loot w/ ghost and orc warbosses
 68321 | Elf:3    | Entered Level 3 of the Elven Halls
 68456 | Elf:3    | Found a deep blue altar of Sif Muna.
 68750 | Elf:3    | Found Zuunuf's Distillery.
 69444 | Elf:3    | Reached skill level 15 in Spellcasting
 70410 | Elf:3    | Reached XP level 19. HP: 115/119 MP: 21/40
 71683 | Elf:3    | Identified the Guide on Creative Changing
 71696 | Elf:3    | Identified Luhah's Thorough Guide to Theurgy
 71779 | Elf:3    | Found the +1 cloak of Starlight {rElec rC+ EV+4 Stlth--}
 72409 | Vaults:1 | Entered Level 1 of the Vaults
 72501 | Vaults:1 | Found a flickering gateway to a bazaar.
 72514 | Bazaar   | Entered a bazaar
 72557 | Bazaar   | Found Cogeur's Gadget Shoppe.
 72561 | Bazaar   | Found Ithu's Distillery.
 72582 | Bazaar   | Found Qodgh's Book Emporium.
 72588 | Bazaar   | Found Silloufi's Magic Scroll Emporium.
 72632 | Bazaar   | Bought a potion of heal wounds for 30 gold pieces
 72632 | Bazaar   | Bought a potion of heal wounds for 30 gold pieces
 72632 | Bazaar   | Bought a potion of agility for 24 gold pieces
 72661 | Bazaar   | Bought a scroll of enchant armour for 127 gold pieces
 72661 | Bazaar   | Bought a scroll of amnesia for 59 gold pieces
 72661 | Bazaar   | Bought a scroll of teleportation for 51 gold pieces
 72979 | Vaults:1 | Reached skill level 10 in Earth Magic
 76433 | Vaults:2 | Found a staircase to the Crypt.
 77185 | Vaults:2 | Reached XP level 20. HP: 126/126 MP: 32/41
 77878 | Vaults:2 | Found a roughly hewn altar of Beogh.
 78397 | Vaults:3 | Found the +0 mask of the Dragon {MR+ Slay+3 SInv}
 78460 | Vaults:3 | Found an opulent altar of Gozag.
 78482 | Vaults:3 | Found Toax's Antique Armour Boutique.
 78484 | Vaults:3 | Found Sasoaxoh's General Store.
 78557 | Vaults:3 | Found Rixtuf's Antique Weapon Emporium.
 78664 | Vaults:3 | Found Maxoiphu's Food Boutique.
 78672 | Vaults:3 | Noticed Saint Roka
 78684 | Vaults:3 | Killed Saint Roka
 78684 | Vaults:3 | Reached skill level 10 in Shields
 79101 | Vaults:3 | Found Cuitzedy's General Store.
 83155 | D:14     | Reached XP level 21. HP: 119/132 MP: 8/42
 85039 | Depths:1 | Entered Level 1 of the Depths
 85072 | Depths:1 | Found a one-way gate leading to the halls of Pandemonium.
 85093 | Depths:1 | Found Laeper's General Store.
 85097 | Depths:1 | Found a gateway to Hell.
 85100 | Depths:1 | Found Dumenena's Antique Weapon Boutique.
 86712 | Depths:1 | Reached skill level 15 in Fighting
 87021 | Depths:1 | Found Jepsuwet's General Store.
 87197 | Depths:1 | Found a glowing golden altar of the Shining One.
 87359 | Depths:1 | Got a pair of fine boots
 87370 | Depths:1 | Identified the +2 pair of boots "Puner" {Str-5 Int+4 SInv}
                  | (You found it on level 1 of the Depths)
 87503 | Depths:1 | Bought a scroll of teleportation for 30 gold pieces
 88976 | Depths:2 | Found Wulyibit's Antique Armour Boutique.
 88986 | Depths:2 | Bought a faintly glowing leather armour for 224 gold pieces
 88986 | Depths:2 | Identified the +3 leather armour of Miely {rC+} (You bought
                  | it in a shop on level 2 of the Depths)
 89103 | Depths:2 | Found the ring of the Mage {Wiz MR++ Int+3}
 89703 | Depths:2 | Found the +6 Majin-Bo {vamp, Archmagi MP+6 Int+6}
 89792 | Depths:2 | Identified the cursed +1 leather armour of Anaesthesia
                  | {rElec} (You found it on level 2 of the Depths)
 91089 | Depths:3 | Reached XP level 22. HP: 140/140 MP: 20/43
 91290 | Depths:3 | Noticed a golden dragon
 91297 | Depths:3 | Killed a golden dragon
 93682 | Depths:4 | Found a magical portal.
 93778 | WizLab   | Entered Iskenderun's Mystic Tower
 94686 | WizLab   | Reached skill level 15 in Earth Magic
 95898 | WizLab   | Identified Iskenderun's Reference Book on Conjuration
 95898 | WizLab   | Identified Iskenderun's Guide on Arcane Weapons
 95914 | WizLab   | Identified Sif Muna's Collected Works on Transmigration
 97578 | Depths:4 | Found a gateway to a ziggurat.
 97793 | Depths:4 | Found a one-way gate to the infinite horrors of the Abyss.
 98079 | Depths:4 | Noticed an ancient lich
 98089 | Depths:4 | Killed an ancient lich
 98335 | Depths:5 | Entered Level 5 of the Depths
 98390 | Depths:5 | Noticed a golden dragon
 98399 | Depths:5 | Noticed a golden dragon
 98400 | Depths:5 | Killed a golden dragon
 98400 | Depths:5 | Reached XP level 23. HP: 127/148 MP: 6/44
 99729 | Depths:5 | Found a gate to the Realm of Zot.
100971 | Depths:5 | Found a runed gate.
100975 | Depths:5 | Found a runed gate.
100976 | Depths:5 | Found a runed gate.
100977 | Depths:5 | Found the +2 Maxwell's thermic engine {flame, freeze}
100977 | Depths:5 | Found a runed gate.
100977 | Depths:5 | Found a runed gate.
100977 | Depths:5 | Found a runed gate.
101437 | Depths:1 | Bought a potion of magic for 80 gold pieces
101632 | Crypt:1  | Entered Level 1 of the Crypt
104062 | Crypt:1  | Found a basalt altar of Yredelemnul.
105794 | Crypt:2  | Reached XP level 24. HP: 156/156 MP: 15/44
106553 | Shoals:1 | Identified the amulet "Irphein" {Acrobat Int+5} (You found
                  | it on level 1 of the Shoals)
106570 | Shoals:1 | Learned a level 9 spell: Shatter
106578 | Shoals:1 | Identified a ring of the Octopus King {rC+ AC+1 EV+1 Str+1
                  | Int+1 Dex+1} (You found it on level 1 of the Shoals)
106591 | Shoals:1 | Got a fine golden ring
106593 | Shoals:1 | Identified the ring of Eblowea {*Slow +Fly rPois rF+ MP+9}
                  | (You found it on level 1 of the Shoals)
107607 | Shoals:3 | Killed Roxanne
107613 | Shoals:3 | Identified Roxanne's Guide on Stones (You took it off
                  | Roxanne on level 3 of the Shoals)
108469 | Elf:2    | Killed Gyudien's ghost
108614 | Elf:2    | Identified a +1 pair of boots of running (You found it on
                  | level 2 of the Elven Halls)
108629 | Elf:2    | Learned a level 3 spell: Regeneration
108687 | Elf:2    | Bought a ration for 85 gold pieces
108945 | Depths:1 | Bought a ration for 50 gold pieces
108981 | Depths:1 | Bought a ration for 55 gold pieces
109139 | Vaults:3 | Bought a ration for 65 gold pieces
109174 | Vaults:3 | Bought a ration for 85 gold pieces
109174 | Vaults:3 | Bought a ration for 85 gold pieces
109185 | Vaults:3 | Bought a ration for 70 gold pieces
109185 | Vaults:3 | Bought a ration for 70 gold pieces
109185 | Vaults:3 | Bought a ration for 70 gold pieces
109185 | Vaults:3 | Bought a ration for 70 gold pieces
109185 | Vaults:3 | Bought a ration for 70 gold pieces
109185 | Vaults:3 | Bought a ration for 70 gold pieces
109185 | Vaults:3 | Bought a ration for 70 gold pieces
109185 | Vaults:3 | Bought a ration for 70 gold pieces
109185 | Vaults:3 | Bought a ration for 70 gold pieces
109185 | Vaults:3 | Bought a ration for 70 gold pieces
109185 | Vaults:3 | Bought a ration for 70 gold pieces
109674 | Crypt:2  | Found an ancient bone altar of Kikubaaqudgha.
109825 | Crypt:3  | Entered Level 3 of the Crypt
110706 | Crypt:3  | Found a staircase to the Tomb.
111305 | Crypt:3  | Got a bound bronze ring
111370 | Crypt:3  | Got a clouded glass ring
111372 | Crypt:3  | Identified the ring of Doveez {rN+ Dex+4} (You took it off
                  | an ancient champion on level 3 of the Crypt)
111375 | Crypt:3  | Identified the ring of Faenea Ratz {rElec rN+ Int+2} (You
                  | took it off an ancient champion on level 3 of the Crypt)
111448 | Crypt:3  | Noticed an ancient lich
111448 | Crypt:3  | Noticed an ancient lich
111465 | Crypt:3  | Killed an ancient lich
111562 | Crypt:3  | Killed an ancient lich
111580 | Crypt:3  | Identified the Tome of Helpful Calling
112133 | Vaults:5 | Entered Level 5 of the Vaults
112135 | Vaults:5 | Reached skill level 5 in Necromancy
112304 | Vaults:5 | Reached XP level 25. HP: 160/160 MP: 44/44
112317 | Vaults:5 | Noticed Xtahua
112853 | Vaults:5 | Killed Xtahua
113125 | Vaults:5 | Noticed Frederick
113313 | Vaults:5 | Killed Frederick
113314 | Vaults:5 | Reached skill level 10 in Necromancy
113409 | Vaults:5 | Identified the ring "Sasolutz" {+Fly rF+ Str-4 Int+6
                  | Stlth+} (You found it on level 5 of the Vaults)
113573 | Vaults:5 | Got a silver rune of Zot
113685 | Vaults:5 | Identified the Papyrus of Augmentations
113750 | Vaults:5 | Identified the ring "Oponk" {MR+ Dex+2} (You found it on
                  | level 5 of the Vaults)
114186 | Vaults:5 | Identified the -3 helmet of Bad Feelings {rPois Str+3
                  | Int+3} (You found it on level 5 of the Vaults)
114194 | Vaults:5 | Identified the +1 leather armour of Pantheism {Stlth+} (You
                  | found it on level 5 of the Vaults)
114211 | Vaults:5 | Identified the +1 robe of Dramatic Exits {rPois} (You took
                  | it off a deep elf high priest on level 5 of the Vaults)
114540 | Slime:1  | Entered Level 1 of the Pits of Slime
115678 | Slime:5  | Entered Level 5 of the Pits of Slime
115694 | Slime:5  | Reached XP level 26. HP: 168/168 MP: 23/44
115954 | Slime:5  | Noticed the Royal Jelly
116043 | Slime:5  | Killed the Royal Jelly
116494 | Slime:5  | Got a scorched ivory ring
116495 | Slime:5  | Identified the ring "Okhinwujo" {*Corrode rPois rC+++ MR++
                  | Str-3} (You found it on level 5 of the Pits of Slime)
116515 | Slime:5  | Got a slimy rune of Zot
116516 | Slime:5  | Identified the Papyrus of Creative Fire
116637 | Slime:5  | Got a fine chain mail
116944 | Slime:5  | Identified the cursed +1 chain mail "Sivvat" {rCorr} (You
                  | found it on level 5 of the Pits of Slime)
117309 | Orc:2    | Bought a Necronomicon for 1435 gold pieces
117312 | Orc:2    | Learned a level 1 spell: Apportation
117321 | Orc:2    | Learned a level 8 spell: Necromutation
117716 | Zot:1    | Entered Level 1 of the Realm of Zot
117718 | Zot:1    | Reached skill level 1 in Transmutations
119273 | Zot:2    | Noticed an orb of fire
119847 | Zot:2    | Reached skill level 5 in Transmutations
120583 | Zot:2    | Killed an orb of fire
121808 | Zot:3    | Noticed an ancient lich
121809 | Zot:3    | Noticed an orb of fire
121960 | Zot:3    | Killed an ancient lich
122197 | Zot:3    | Reached XP level 27. HP: 176/176 MP: 9/44
122836 | Zot:2    | Killed an orb of fire
124258 | Zot:4    | Noticed an orb of fire
124260 | Zot:4    | Reached skill level 15 in Necromancy
124261 | Zot:4    | Gained mutation: Scrolls take you a little longer to read.
                  | [an orb of fire]
124264 | Zot:3    | Killed an orb of fire
124919 | Zot:4    | Reached skill level 10 in Transmutations
125767 | Zot:5    | Entered Level 5 of the Realm of Zot
125770 | Zot:4    | Lost mutation: Scrolls take you a little longer to read.
                  | [potion of mutation]
125770 | Zot:4    | Gained mutation: Your body sometimes deteriorates upon
                  | taking damage. [potion of mutation]
125770 | Zot:4    | Gained mutation: You evolve. [potion of mutation]
125770 | Zot:4    | Gained mutation: You possess an exceptional clarity of
                  | mind. [potion of mutation]
126479 | Zot:5    | Noticed an ancient lich
126481 | Zot:5    | Killed an ancient lich
126894 | Zot:5    | Noticed an orb of fire
126900 | Zot:5    | Killed an orb of fire
127133 | Zot:5    | Noticed an orb of fire
127137 | Zot:5    | Gained mutation: Armour fits poorly on your strangely
                  | shaped body. [an orb of fire]
127139 | Zot:5    | Killed an orb of fire
127236 | Zot:5    | Lost mutation: Your body sometimes deteriorates upon taking
                  | damage. [potion of mutation]
127236 | Zot:5    | Lost mutation: You evolve. [potion of mutation]
127236 | Zot:5    | Gained mutation: You have large cloven feet. [potion of
                  | mutation]
127236 | Zot:5    | Gained mutation: You evolve. [potion of mutation]
127236 | Zot:5    | Gained mutation: You are agile. (Dex +2) [potion of
                  | mutation]
127297 | Zot:5    | Noticed an ancient lich
127300 | Zot:5    | Killed an ancient lich
127482 | Zot:5    | Noticed an orb of fire
127485 | Zot:5    | Gained mutation: You occasionally shout uncontrollably at
                  | your foes. [an orb of fire]
127486 | Zot:5    | Lost mutation: You evolve. [an orb of fire]
127487 | Zot:5    | Killed an orb of fire
127927 | Hell     | Entered the Vestibule of Hell
127927 | Hell     | Noticed Geryon
127927 | Hell     | Noticed Murray
127928 | Hell     | Killed Murray
128069 | Hell     | Killed Geryon
128510 | Hell     | Found a gateway to the decaying netherworld of Tartarus.
128722 | Hell     | Found a gateway to the Iron City of Dis.
129075 | Hell     | Found a gateway to the freezing wastes of Cocytus.
129131 | Hell     | Found a gateway to the ashen valley of Gehenna.
129283 | Hell     | Learned a level 7 spell: Haunt
129289 | Hell     | Learned a level 5 spell: Borgnjor's Vile Clutch
129441 | Depths:4 | Voluntarily entered the Abyss.
129742 | Abyss:3  | Got an abyssal rune of Zot
129755 | Depths:4 | Escaped the Abyss
130385 | Tomb:1   | Entered Level 1 of the Tomb of the Ancients
130504 | Tomb:1   | Noticed a greater mummy
130505 | Tomb:1   | Noticed a greater mummy
130506 | Tomb:1   | Noticed a greater mummy
130506 | Tomb:1   | Noticed a greater mummy
130507 | Tomb:1   | Killed a greater mummy
130508 | Tomb:1   | Killed a greater mummy
130508 | Tomb:1   | Killed a greater mummy
130560 | Tomb:1   | Killed a greater mummy
130566 | Tomb:1   | Noticed a greater mummy
130615 | Tomb:1   | Killed a greater mummy
130624 | Tomb:1   | Noticed a greater mummy
130627 | Tomb:1   | Killed a greater mummy
130627 | Tomb:1   | Noticed a greater mummy
130628 | Tomb:1   | Noticed a greater mummy
130629 | Tomb:1   | Noticed a greater mummy
130630 | Tomb:1   | Noticed a greater mummy
130634 | Tomb:1   | Killed a greater mummy
130634 | Tomb:1   | Killed a greater mummy
130634 | Tomb:1   | Noticed a greater mummy
130725 | Tomb:1   | Noticed a greater mummy
130726 | Tomb:1   | Killed a greater mummy
130727 | Tomb:1   | Killed a greater mummy
130727 | Tomb:1   | Noticed a greater mummy
130728 | Tomb:1   | Killed a greater mummy
130730 | Tomb:1   | Killed a greater mummy
130799 | Tomb:1   | Killed a greater mummy
130817 | Tomb:1   | Noticed a greater mummy
130822 | Tomb:1   | Killed a greater mummy
130906 | Tomb:1   | Noticed a greater mummy
130910 | Tomb:1   | Killed a greater mummy
131037 | Tomb:1   | Noticed a greater mummy
131075 | Tomb:1   | Killed a greater mummy
131075 | Tomb:1   | Reached skill level 15 in Shields
131075 | Tomb:1   | Reached skill level 10 in Evocations
131076 | Tomb:1   | Noticed a greater mummy
131147 | Tomb:1   | Killed a greater mummy
131371 | Tomb:1   | Noticed a greater mummy
131372 | Tomb:1   | Noticed a greater mummy
131374 | Tomb:1   | Killed a greater mummy
131375 | Tomb:1   | Killed a greater mummy
131426 | Tomb:1   | Noticed a greater mummy
131476 | Tomb:1   | Killed a greater mummy
131558 | Tomb:1   | Noticed a greater mummy
131563 | Tomb:1   | Killed a greater mummy
131564 | Tomb:1   | Noticed a greater mummy
131628 | Tomb:1   | Killed a greater mummy
131806 | Tomb:1   | Noticed a greater mummy
131806 | Tomb:1   | Noticed a greater mummy
131807 | Tomb:1   | Noticed a greater mummy
131808 | Tomb:1   | Killed a greater mummy
131809 | Tomb:1   | Killed a greater mummy
131809 | Tomb:1   | Noticed a greater mummy
131809 | Tomb:1   | Noticed a greater mummy
131866 | Tomb:1   | Killed a greater mummy
131876 | Tomb:1   | Killed a greater mummy
132010 | Tomb:1   | Killed a greater mummy
132385 | Tomb:2   | Reached skill level 27 in Dodging
132385 | Tomb:2   | Noticed a greater mummy
132385 | Tomb:2   | Noticed a greater mummy
132386 | Tomb:2   | Noticed a greater mummy
132391 | Tomb:2   | Killed a greater mummy
132394 | Tomb:2   | Killed a greater mummy
132396 | Tomb:2   | Killed a greater mummy
132399 | Tomb:2   | Noticed a greater mummy
132403 | Tomb:2   | Killed a greater mummy
132978 | Tomb:3   | Entered Level 3 of the Tomb of the Ancients
132994 | Tomb:3   | Noticed a greater mummy
132995 | Tomb:3   | Noticed a greater mummy
132996 | Tomb:3   | Noticed a greater mummy
132997 | Tomb:3   | Noticed a greater mummy
132997 | Tomb:3   | Noticed a greater mummy
132999 | Tomb:3   | Noticed a greater mummy
133004 | Tomb:2   | Killed a greater mummy
133300 | Tomb:3   | Killed a greater mummy
133302 | Tomb:3   | Noticed a greater mummy
133303 | Tomb:3   | Noticed a greater mummy
133306 | Tomb:3   | Killed a greater mummy
133306 | Tomb:3   | Killed a greater mummy
133306 | Tomb:3   | Killed a greater mummy
133307 | Tomb:3   | Killed a greater mummy
133307 | Tomb:3   | Reached skill level 15 in Air Magic
133308 | Tomb:3   | Killed a greater mummy
133311 | Tomb:3   | Killed a greater mummy
133433 | Tomb:3   | Noticed a greater mummy
133447 | Tomb:3   | Killed a greater mummy
133586 | Tomb:3   | Got a golden rune of Zot
133722 | Tomb:3   | Identified the +1 robe of Laokhaa {MR+ Regen+ Dex+3} (You
                  | found it on level 3 of the Tomb of the Ancients)
133782 | Tomb:3   | Found the +7 Spriggan's Knife {MR+ EV+4 Dex+4 Stlth+}
133812 | Tomb:3   | Identified the Catalogue of Twisted Talismans
133822 | Tomb:3   | Got a warped sapphire amulet
133824 | Tomb:3   | Identified the amulet "Lodo" {Gourm MR+} (You found it on
                  | level 3 of the Tomb of the Ancients)
134371 | Orc:2    | Bought 2 potions of haste for 260 gold pieces
134371 | Orc:2    | Bought a scroll of blinking for 97 gold pieces
135626 | Orc:2    | Bought an uncursed staff of death for 325 gold pieces
136524 | Pan      | Entered Pandemonium
137110 | Pan      | Entered the realm of Cerebov.
137390 | Pan      | Found an exit through the horrors of the Abyss.
137960 | Pan      | Got a transparent lead ring
137962 | Pan      | Identified the ring "Hurchogaxe" {rF- Int+3 Dex+4 SInv}
                  | (You took it off an efreet in Pandemonium)
138284 | Pan      | Identified Xoq Iro's Catalogue of Confrontation
138333 | Pan      | Got a smoking steel amulet
138335 | Pan      | Identified the amulet "Zegir Acim" {Inacc rF+ Int+4} (You
                  | found it in Pandemonium)
138374 | Pan      | Noticed Cerebov
138523 | Pan      | Killed Cerebov
138641 | Pan      | Got a sapphire great sword {vamp}
138695 | Pan      | Got a fiery rune of Zot
139286 | Pan      | Noticed Eliugh the pandemonium lord
139291 | Pan      | Killed Eliugh the pandemonium lord
140006 | Pan      | Noticed Sutugedu the pandemonium lord
140016 | Pan      | Killed Sutugedu the pandemonium lord
140358 | Pan      | Got a demonic rune of Zot
140692 | Pan      | Entered the realm of Mnoleg.
140692 | Pan      | Found an exit through the horrors of the Abyss.
140989 | Pan      | Noticed Mnoleg
140998 | Pan      | Killed Mnoleg
141363 | Pan      | Got a glowing rune of Zot
141553 | Pan      | Found a huge runed gate.
142002 | Pan      | Learned a level 8 spell: Lehudib's Crystal Spear
142089 | Pan      | Found an exit through the horrors of the Abyss.
142189 | Pan      | Noticed Giagaw the pandemonium lord
142206 | Pan      | Killed Giagaw the pandemonium lord
142277 | Pan      | Entered the realm of Gloorx Vloq.
143732 | Pan      | Noticed Gloorx Vloq
144122 | Pan      | Killed Gloorx Vloq
144136 | Pan      | Got a dark rune of Zot
144340 | Pan      | Noticed Ukoemal the pandemonium lord
144824 | Pan      | Noticed Reikham the pandemonium lord
144929 | Pan      | Found an exit through the horrors of the Abyss.
145021 | Pan      | Noticed Gyboph the pandemonium lord
145026 | Pan      | Killed Gyboph the pandemonium lord
145357 | Pan      | Found an ancient bone altar of Kikubaaqudgha.
145742 | Pan      | Noticed Gynasuwy the pandemonium lord
145748 | Pan      | Killed Gynasuwy the pandemonium lord
145831 | Pan      | Learned a level 9 spell: Tornado
146026 | Pan      | Entered the realm of Lom Lobon.
146637 | Pan      | Found an exit through the horrors of the Abyss.
147857 | Pan      | Noticed Lom Lobon
148353 | Pan      | Killed Lom Lobon
148367 | Pan      | Got a magical rune of Zot
148745 | Pan      | Took an exit into the Abyss.
148745 | Abyss:1  | Escaped into the Abyss
148792 | Depths:1 | Escaped the Abyss
148847 | Geh:1    | Entered Level 1 of Gehenna
148969 | Hell     | Learned a level 2 spell: Blink
148975 | Hell     | Learned a level 4 spell: Passage of Golubria
149033 | Geh:1    | Found a huge runed gate.
149033 | Geh:1    | Found a huge runed gate.
149033 | Geh:1    | Found a huge runed gate.
149034 | Geh:1    | Found a huge runed gate.
149035 | Geh:1    | Found a huge runed gate.
150665 | Geh:7    | Entered Level 7 of Gehenna
152604 | Geh:7    | Noticed Asmodeus
152975 | Geh:7    | Identified the Incunabulum of the Earthen Birds
152976 | Geh:7    | Got an obsidian rune of Zot
153125 | Dis:1    | Entered Level 1 of the Iron City of Dis
153889 | Dis:6    | Reached skill level 15 in Evocations
154027 | Dis:7    | Entered Level 7 of the Iron City of Dis
154523 | Dis:7    | Identified the amulet of Ryebeef {RegenMP *Corrode rPois
                  | rC- Int+7} (You found it on level 7 of the Iron City of
                  | Dis)
154525 | Dis:7    | Identified the ring "Diskuq" {MP+9 Int+5} (You found it on
                  | level 7 of the Iron City of Dis)
154660 | Dis:7    | Noticed Dispater
154729 | Dis:7    | Got an iron rune of Zot
154746 | Dis:7    | Killed Dispater
155052 | Coc:1    | Entered Level 1 of Cocytus
156208 | Coc:7    | Entered Level 7 of Cocytus
156637 | Coc:7    | Noticed Antaeus
157140 | Coc:7    | Killed Antaeus
157234 | Coc:7    | Got an icy rune of Zot
158018 | Tar:1    | Entered Level 1 of Tartarus
158496 | Tar:3    | Learned a level 8 spell: Borgnjor's Revivification
158665 | Tar:5    | Reached skill level 27 in Spellcasting
159050 | Tar:7    | Entered Level 7 of Tartarus
159060 | Tar:7    | Noticed an ancient lich
159062 | Tar:7    | Killed an ancient lich
159072 | Tar:7    | Noticed the Serpent of Hell
159085 | Tar:7    | Killed the Serpent of Hell
159866 | Tar:7    | Noticed Ereshkigal
159971 | Tar:7    | Got a bone rune of Zot
159982 | Tar:7    | Got a faintly glowing helmet
160001 | Hell     | Identified the +2 helmet of Tuk Dixyge {rElec rCorr Str+4}
                  | (You found it on level 7 of Tartarus)
160003 | Hell     | Learned a level 1 spell: Summon Butterflies
160006 | Hell     | Learned a level 2 spell: Swiftness
160302 | Zot:5    | Noticed an orb of fire
160304 | Zot:5    | Lost mutation: You are agile. (Dex +2) [an orb of fire]
160304 | Zot:5    | Noticed an orb of fire
160307 | Zot:5    | Killed an orb of fire
160318 | Zot:5    | Killed an orb of fire
160369 | Zot:5    | Noticed an orb of fire
160373 | Zot:5    | Gained mutation: You are somewhat resistant to further
                  | mutation. [an orb of fire]
160374 | Zot:5    | Killed an orb of fire
160471 | Zot:5    | Noticed an ancient lich
160473 | Zot:5    | Killed an ancient lich
160479 | Zot:5    | Noticed an orb of fire
160484 | Zot:5    | Killed an orb of fire
160499 | Zot:5    | Noticed an orb of fire
160506 | Zot:5    | Killed an orb of fire
160816 | Zot:5    | Got the Orb of Zot
160859 | Zot:5    | Noticed Janikaad the pandemonium lord
160859 | Zot:5    | Noticed an ancient lich
161125 | D:11     | Noticed Wuesauth the pandemonium lord
161125 | D:11     | Noticed an ancient lich
161127 | D:11     | Killed an ancient lich
161127 | D:11     | Killed Wuesauth the pandemonium lord
161322 | D:1      | Reached skill level 27 in Earth Magic
161336 | D:$      | Escaped with the Orb!

Skill      XL: |  1  2  3  4  5  6  7  8  9 10 11 12 13 14 15 16 17 18 19 20 21 22 23 24 25 26 27 |
---------------+----------------------------------------------------------------------------------+-----
Dodging        | 3 4 5 7 8 10 11 13 14 15 16 17 18 19 20 21 22 23 24 25 27 | 27.0
Conjurations   | 5 6 7 9 10 11 12 13 14 | 14.0
Hexes          | 1 2 3 4 5 6 9 |  9.0
Fighting       | 1 2 3 5 6 7 9 10 11 12 13 14 15 16 17 18 26 | 26.9
Spellcasting   | 4 5 6 7 8 10 12 13 14 15 27 | 27.0
Air Magic      | 2 5 7 8 9 10 25 | 25.6
Stealth        | 4 5 6 8 |  8.1
Evocations     | 1 4 5 6 7 21 | 21.2
Charms         | 3 6 7 |  7.0
Fire Magic     | 4 5 7 8 |  8.0
Necromancy     | 4 6 11 14 18 | 18.7
Earth Magic    | 3 5 6 9 10 12 14 15 17 20 21 27 | 27.0
Shields        | 2 4 6 7 8 9 11 12 13 14 15 | 15.0
Summonings     | 3 6 7 9 |  9.0
Transmutations | 7 14 | 14.5

Action                   |  1- 3 |  4- 6 |  7- 9 | 10-12 | 13-15 | 16-18 | 19-21 | 22-24 | 25-27 || total
-------------------------+-------+-------+-------+-------+-------+-------+-------+-------+-------++-------
Melee: Spear             |       |     1 |    52 |    20 |       |       |       |       |       ||    73
       Staff             |       |       |       |     1 |     3 |       |     7 |       |    14 ||    25
Throw: Stone             |     1 |       |     5 |       |     2 |     2 |       |       |       ||    10
       Throwing net      |       |       |       |       |       |       |       |       |     4 ||     4
 Cast: Magic Dart        |    64 |    87 |   206 |   264 |    52 |       |       |       |       ||   673
       Searing Ray       |     4 |    20 |    40 |    50 |    11 |       |       |       |       ||   125
       Iskenderun's Myst |       |     4 |    12 |    76 |   389 |   358 |       |       |       ||   839
       Dazzling Spray    |       |     2 |     1 |     1 |       |       |       |       |       ||     4
       Fulminant Prism   |       |       |    15 |   101 |   266 |   131 |    58 |    14 |       ||   585
       Static Discharge  |       |       |    12 |    31 |       |       |       |       |       ||    43
       Fireball          |       |       |       |    32 |   104 |   168 |   550 |   470 |   119 ||  1443
       Airstrike         |       |       |       |    40 |    98 |   221 |    40 |    34 |    12 ||   445
       Sublimation of Bl |       |       |       |       |    12 |    26 |    65 |    59 |    11 ||   173
       Bolt of Fire      |       |       |       |       |     9 |       |       |       |       ||     9
       Iron Shot         |       |       |       |       |    22 |   120 |   287 |   384 |   701 ||  1514
       Deflect Missiles  |       |       |       |       |     1 |     3 |     6 |     4 |     4 ||    18
       Spellforged Servi |       |       |       |       |       |     9 |     7 |     6 |    61 ||    83
       Shatter           |       |       |       |       |       |       |       |    12 |  1219 ||  1231
       Regeneration      |       |       |       |       |       |       |       |     9 |    10 ||    19
       Lehudib's Crystal |       |       |       |       |       |       |       |       |   473 ||   473
       Necromutation     |       |       |       |       |       |       |       |       |   259 ||   259
       Tornado           |       |       |       |       |       |       |       |       |   198 ||   198
       Borgnjor's Vile C |       |       |       |       |       |       |       |       |    31 ||    31
       Haunt             |       |       |       |       |       |       |       |       |     9 ||     9
       Apportation       |       |       |       |       |       |       |       |       |     7 ||     7
       Passwall          |       |       |       |       |       |       |       |       |     2 ||     2
       Passage of Golubr |       |       |       |       |       |       |       |       |     1 ||     1
Evoke: Wand              |       |       |       |       |    41 |     4 |     1 |     5 |    25 ||    76
       Staff of energy   |       |       |       |       |       |     1 |       |       |  4820 ||  4821
       Phantom mirror    |       |       |       |       |       |       |       |       |     4 ||     4
  Use: Scroll            |     2 |     6 |    12 |    17 |    22 |    16 |    19 |     8 |    54 ||   156
       Potion            |       |       |       |     1 |     3 |       |     6 |     7 |    36 ||    53
 Stab: Sleeping          |       |       |     1 |       |       |       |       |       |       ||     1
  Eat: Chunk             |     3 |    11 |    11 |    18 |    35 |    26 |    46 |    20 |    20 ||   190
       Ration            |       |     1 |     4 |     9 |    12 |    18 |    15 |    17 |    32 ||   108
Armor: Robe              |       |       |    20 |    32 |    32 |    20 |    32 |    16 |   101 ||   253
Dodge: Dodged            |     3 |    23 |    85 |   241 |   272 |   226 |   313 |   150 |   904 ||  2217
       Deflected         |       |       |       |       |     9 |    44 |    32 |    23 |    61 ||   169
Block: Shield            |       |       |       |       |    74 |   265 |   361 |   136 |   507 ||  1343
       Reflection        |       |       |       |       |       |    55 |    75 |    14 |       ||   144
